 Dungeon Crawl Stone Soup version 0.31-a0-986-g5e6e4ef867 (webtiles) character file.

Game seed: 7603232120433526711

2816297 Doj the Axe Maniac (level 27, 273/273 HPs)
             Began as a Minotaur Fighter on Nov 4, 2023.
             Was an Initiate of Gozag.
             Escaped with the Orb
             ... and 6 runes on Nov 7, 2023!
             The game lasted 08:31:26 (123847 turns).

Doj the Axe Maniac (Minotaur Fighter)             Turns: 123847, Time: 08:31:27

Health: 273/273    AC: 36    Str: 34      XL:     27
Magic:  22/22      EV: 12    Int:  7 (9)  God:    Gozag
Gold:   9467       SH: 30    Dex: 12      Spells: 26/26 levels left

rFire   + + .        D - +8 mithril axe "Arga" {speed, Will+}
rCold   + + +        j - +8 tower shield {rC+}
rNeg    . . .        F - +4 plate armour of Duty {Drain rF+++ rC+ rCorr}
rPois   +            W - +2 hat {Stlth+}
rElec   .            Y - +2 cloak
rCorr   +            l - +0 pair of fencer's gloves {Riposte Dex+3}
SInv    +            V - +2 pair of boots {rampage}
Will    +++++        E - amulet "Potiteuk" {rPois Will++ Regen+ SInv} Stlth
                     s - ring "Yvuul" {Fly rC+ Stlth+}
HPRegen 1.45/turn    a - +4 ring of slaying
MPRegen 0.18/turn

%: rampage
@: flying, studying Fire Magic
A: horns 2, retaliatory headbutt, hooves 1, clever 1, heat vulnerability 1,
subdued magic 1
0: Orb of Zot
}: 6/15 runes: serpentine, barnacled, slimy, silver, obsidian, abyssal
a: Renounce Religion, Potion Petition, Call Merchant, Bribe Branch


You escaped.
You worshipped Gozag.
Gozag was greatly pleased with you.
You visited 14 branches of the dungeon, and saw 62 of its levels.
You visited the Abyss 6 times.
You also visited: Bailey and Ice Cave.

You collected 37831 gold pieces.
You spent 8829 gold pieces at shops.
You paid 19535 gold pieces to Gozag.

Inventory:

Hand Weapons
 c - a +2 antimagic eveningstar
 m - the +13 sceptre of Asmodeus
   (You took it off Asmodeus on level 7 of Gehenna)

   Fire Summon: It may summon demons of flame and damnation when striking foes.
 C - a +9 broad axe of freezing
 D - the +8 mithril axe "Arga" (weapon) {speed, Will+}
   (You took it off a deep elf demonologist on level 3 of the Elven Halls)

   Will+:     It increases your willpower.
 L - a +4 morningstar of holy wrath
Missiles
 v - 21 silver javelins
 w - 12 javelins
 A - 3 throwing nets
 H - 5 boomerangs (quivered)
Armour
 j - a +8 tower shield of cold resistance (worn)
 l - the +0 pair of fencer's gloves (worn) {Riposte Dex+3}
   (You found it on level 3 of the Elven Halls)

   Riposte:   It allows the wearer to riposte with melee weapons, swiftly
   retaliating against missed or blocked melee attacks.
   Dex+3:     It affects your dexterity (+3).
 F - the +4 plate armour of Duty (worn) {Drain rF+++ rC+ rCorr}
   (You found it on level 2 of the Orcish Mines)

   rF+++:     It renders you almost immune to fire.
   rC+:       It protects you from cold.
   rCorr:     It protects you from acid and corrosion.
   Drain:     It drains your maximum health when unequipped.
 V - a +2 pair of boots of rampaging (worn)
 W - a +2 hat of stealth (worn)
 Y - a +2 cloak (worn)
Jewellery
 a - a +4 ring of slaying (right hand)
 f - a ring of willpower
 s - the ring "Yvuul" (left hand) {Fly rC+ Stlth+}
   (You found it on level 13 of the Dungeon)

   [ring of flight]

   rC+:       It protects you from cold.
   Fly:       It grants you flight.
   Stlth+:    It makes you more stealthy.
 z - the ring of Xom's Whimsicality {Wiz rC+ Str+3 SInv}
   (You took it off a deep elf pyromancer on level 3 of the Elven Halls)

   [ring of wizardry]

   Wiz:       It improves your spell success rate.
   Str+3:     It affects your strength (+3).
   rC+:       It protects you from cold.
   SInv:      It lets you see invisible.
 E - the amulet "Potiteuk" (around neck) {rPois Will++ Regen+ SInv}
   (You bought it in a shop on level 1 of the Depths)

   [amulet of regeneration]

   rPois:     It protects you from poison Will++: It greatly increases your
   willpower.
   SInv:      It lets you see invisible.
   Regen+:    It increases your rate of health regeneration.
 I - a +4 ring of protection
 Q - a ring of poison resistance
Wands
 b - a wand of flame (183)
 o - a wand of digging (9)
 X - a wand of roots (35)
 Z - a wand of light (23)
Scrolls
 g - 5 scrolls of enchant weapon
 h - 8 scrolls of fear
 k - 6 scrolls of enchant armour
 n - 12 scrolls of fog
 p - 2 scrolls of summoning
 u - 10 scrolls of revelation
 y - 3 scrolls of immolation
 B - 2 scrolls of blinking
 J - 3 scrolls of silence
 S - 25 scrolls of teleportation
Potions
 d - 8 potions of might
 e - 3 potions of cancellation
 i - 28 potions of curing
 q - 3 potions of resistance
 r - 10 potions of enlightenment
 t - a potion of mutation
 x - 8 potions of heal wounds
 P - 15 potions of attraction
 R - 8 potions of lignification
 U - 7 potions of ambrosia
Miscellaneous
 G - a lightning rod (4/4)
 M - a phantom mirror
 N - a phial of floods
 O - the horn of Geryon
 T - a box of beasts


   Skills:
 O Level 27 Fighting
 O Level 27 Axes
 - Level 9.0(19.8) Maces & Flails
 + Level 22.7 Throwing
 + Level 23.6 Armour
 - Level 9.2 Dodging
 + Level 23.5 Shields
 - Level 16.5 Unarmed Combat
 + Level 19.8 Evocations


You had 26 spell levels left.
You didn't know any spells.
Your spell library contained the following spells:

 Spells                   Type           Power      Damage    Failure   Level
 Apportation              Tloc           0%         N/A       83%         1
 Kiss of Death            Conj/Necr      0%         2d5       83%         1
 Magic Dart               Conj           0%         1d3       83%         1
 Sandblast                Erth           0%         2d4       83%         1
 Shock                    Conj/Air       0%         1d3       83%         1
 Slow                     Hex            0%         N/A       83%         1
 Sting                    Tmut/Pois      0%         1d3       83%         1
 Summon Small Mammal      Summ           0%         N/A       83%         1
 Blink                    Tloc           0%         N/A       92%         2
 Call Imp                 Summ           0%         N/A       92%         2
 Cigotuvi's Dreadful Rot  Necr/Pois/Air  0%         N/A       92%         2
 Ensorcelled Hibernation  Hex/Ice        0%         N/A       92%         2
 Jinxbite                 Hex            0%         N/A       92%         2
 Lesser Beckoning         Tloc           0%         N/A       92%         2
 Momentum Strike          Conj/Tloc      0%         3d8       92%         2
 Passwall                 Tmut/Erth      0%         N/A       92%         2
 Poisonous Vapours        Pois/Air       0%         N/A       92%         2
 Scorch                   Fire           0%         2d5       92%         2
 Static Discharge         Conj/Air       0%         3-3/arc   92%         2
 Sublimation of Blood     Necr           0%         N/A       92%         2
 Wereblood                Tmut           0%         N/A       92%         2
 Call Canine Familiar     Summ           0%         N/A       99%         3
 Confusing Touch          Hex            0%         N/A       99%         3
 Frozen Ramparts          Ice            0%         1d1       99%         3
 Hailstorm                Conj/Ice       0%         3d3       99%         3
 Ignite Poison            Fire/Tmut/Pois 0%         N/A       99%         3
 Mephitic Cloud           Conj/Pois/Air  0%         N/A       99%         3
 Sigil of Binding         Hex            0%         N/A       99%         3
 Stone Arrow              Conj/Erth      0%         3d7       99%         3
 Summon Guardian Golem    Hex/Summ       0%         N/A       99%         3
 Swiftness                Air            0%         N/A       99%         3
 Tukima's Dance           Hex            0%         N/A       99%         3
 Vampiric Draining        Necr           0%         2d6       99%         3
 Volatile Blastmotes      Fire/Tloc      0%         2d10      99%         3
 Airstrike                Air            0%         2d(0-16)  100%        4
 Animate Armour           Summ/Erth      0%         N/A       100%        4
 Brom's Barrelling Bould  Conj/Erth      0%         2d3       100%        4
 Dimensional Bullseye     Hex/Tloc       0%         N/A       100%        4
 Dispel Undead            Necr           0%         3d6       100%        4
 Flame Wave               Conj/Fire      0%         2d4       100%        4
 Fulminant Prism          Conj/Hex       0%         3d5       100%        4
 Iskenderun's Mystic Bla  Conj/Tloc      0%         2d3       100%        4
 Leda's Liquefaction      Hex/Erth       0%         N/A       100%        4
 Olgreb's Toxic Radiance  Pois           0%         N/A       100%        4
 Passage of Golubria      Tloc           0%         N/A       100%        4
 Petrify                  Tmut/Erth      0%         N/A       100%        4
 Sticky Flame             Conj/Fire      0%         2d3       100%        4
 Summon Ice Beast         Ice/Summ       0%         N/A       100%        4
 Summon Lightning Spire   Summ/Air       0%         N/A       100%        4
 Vhi's Electric Charge    Tloc/Air       0%         N/A       100%        4
 Alistair's Intoxication  Tmut/Pois      0%         N/A       100%        5
 Arcjolt                  Conj/Air       0%         1d10      100%        5
 Borgnjor's Vile Clutch   Necr/Erth      0%         N/A       100%        5
 Fireball                 Conj/Fire      0%         3d3       100%        5
 Irradiate                Conj/Tmut      0%         3d11      100%        5
 Lee's Rapid Deconstruct  Erth           0%         3d4*      100%        5
 Metabolic Englaciation   Hex/Ice        0%         N/A       100%        5
 Silence                  Hex/Air        0%         N/A       100%        5
 Summon Forest            Summ/Tloc      0%         N/A       100%        5
 Summon Mana Viper        Hex/Summ       0%         N/A       100%        5
 Death Channel            Necr           0%         N/A       100%        6
 Eringya's Noxious Bog    Tmut/Pois      0%         4d6       100%        6
 Starburst                Conj/Fire      0%         6d3       100%        6
 Summon Cactus Giant      Summ           0%         N/A       100%        6
 Malign Gateway           Summ/Tloc      0%         N/A       100%        7
 Monstrous Menagerie      Summ           0%         N/A       100%        7
 Orb of Destruction       Conj           0%         9d5       100%        7
 Spellforged Servitor     Conj/Summ      0%         N/A       100%        7
 Summon Hydra             Summ           0%         N/A       100%        7
 Discord                  Hex            0%         N/A       100%        8
 Ignition                 Fire           0%         3d3       100%        8
 Lehudib's Crystal Spear  Conj/Erth      0%         10d2      100%        8
 Maxwell's Capacitive Co  Air            0%         ∞         100%        8
 Summon Horrible Things   Summ           0%         N/A       100%        8
 Simulacrum               Ice/Necr       Unusable   N/A       N/A         6

Dungeon Overview and Level Annotations

Branches:
Dungeon (15/15)            Temple (1/1) D:7            Lair (5/5) D:9
 Shoals (4/4) Lair:3        Snake (4/4) Lair:3        Slime (5/5) Lair:5
    Orc (2/2) D:9             Elf (3/3) Orc:2        Vaults (5/5) D:13
  Crypt (1/3) Vaults:3     Depths (4/4) D:15           Hell (visited)
    Dis (0/7) Hell            Geh (7/7) Hell            Coc (0/7) Hell
    Tar (0/7) Hell            Zot (5/5) Depths:4     Bailey (visited)
  IceCv (visited)

Altars:
Ashenzari
Cheibriados
Dithmenos
Elyvilon
Fedhas
Gozag
Hepliaklqana
Kikubaaqudgha
Makhleb
Nemelex Xobeh
Okawaru
Qazlal
Ru
Sif Muna
Trog
Uskayaw
Vehumet
Wu Jian
Xom
Yredelemnul
Zin
The Shining One
Jiyva
Lugonu

Shops:
D:14 (   Orc:2 [=(*   Elf:1 [*:   Vaults:1 (![   Vaults:2 ?   Depths:1 =:=:(!!
Depths:3 [[*?[   Depths:4 !

Portals:
Hell: Depths:1 Depths:2 Depths:3 Depths:4
Abyss: Lair:5 Depths:3
Pandemonium: Depths:1 Depths:2
Ziggurat: Depths:4

Annotations:
D:8 1 runed translucent door


Innate Abilities, Weirdness & Mutations

You have a pair of horns on your head.
You reflexively headbutt those who attack you in melee.
You have large cloven feet.
Your mind is acute. (Int +4, Str/Dex -1)
You are vulnerable to heat. (rF-)
Your spells are a little easier to cast, but a little less powerful.


Message History

There is an open door here.
There is a stone staircase leading up here.
Your extra speed is starting to run out.
You fly upwards.
There is a stone staircase leading down here.
You feel yourself slow down.
A Hell Sentinel comes into view.
You can't go up here!
The Hell Sentinel gestures at you.
The sphere of damnation explodes!
The damnation engulfs you!! The Hell Sentinel gestures at you.
The sphere of damnation explodes!
The damnation engulfs you!!
There is a stone staircase leading up here.
You fly upwards.
There is a stone staircase leading down here.
There is a stone staircase leading up here.
You fly upwards.
There is a stone staircase leading down here.
HP restored.
A glowing orange brain comes into view.
A sun demon comes into view.
The glowing orange brain blinks!
You feel yourself speed up.
A red devil comes into view. It is wielding a +0 trident.
You barely miss the glowing orange brain.
You headbutt the glowing orange brain!
The glowing orange brain is moderately wounded.
You slash the glowing orange brain!
The glowing orange brain is heavily wounded.
You cut the glowing orange brain into ribbons!!!
You kill the glowing orange brain!
You see here 8 gold pieces.
There are monsters nearby!
You see here a +0 whip.
Your extra speed is starting to run out.
There is an open door here.
You feel yourself slow down.
There is an open door here.
There is a staircase leading out of the dungeon here.
You have escaped!

########### ##.........##
#..♣..@..♣..#
##.........## #####
#####'##### #####
##...######...######...##
#.......................#
#..⌠).......⌠........⌠..#
#.......................#
###
##...######...######...##
..## ##'## ##>## ##'##


There were no monsters in sight!

Vanquished Creatures
  Asmodeus (Geh:7)
  the Royal Jelly (Slime:5)
  2 dread liches
  3 ancient liches
  3 orbs of fire
  Mara (Snake:4)
  A juggernaut (Depths:3)
  Boris (Depths:3)
  2 Killer Klowns
  Xtahua (Depths:3)
  Saint Roka (Snake:2)
  Margery (Crypt:1)
  4 curse toes
  Geryon (Hell)
  9 golden dragons
  A profane servitor (Abyss:1)
  6 bone dragons
  A pearl dragon (Abyss:3)
  4 electric golems
  10 hellephants
  5 Brimstone Fiends (Geh:7)
  3 doom hounds (Hell)
  Zenata (Vaults:2)
  5 liches
  Rupert (Lair:4)
  2 Ice Fiends (IceCv)
  3 Orb Guardians (Zot:5)
  19 acid blobs
  3 deep elf blademasters
  2 deep elf master archers (Elf:3)
  11 tentacled monstrosities
  A walking divine tome (Depths:3)
  11 searing wretches
  8 sphinxes
  4 titans
  7 quicksilver dragons
  8 tentacled starspawn
  Gastronok (D:9)
  A kraken (Shoals:1)
  4 Executioners (Abyss:3)
  5 death cobs
  The ghost of hikkokomori the Sluggish Gnoll, an adept GnVM of Cheibriados (Elf:2)
  The ghost of snackwell the Warrior, an adept DrSh of Wu Jian (Shoals:3)
  3 shadow dragons
  Roxanne (Shoals:2)
  Donald (Orc:2)
  Kirke (D:11)
  10 storm dragons
  12 azure jellies
  Frances (Shoals:1)
  14 nagarajas
  8 tengu reavers
  18 rockslimes
  6 draconian monks
  22 fire giants
  4 iron dragons
  Ilsuiw (Shoals:2)
  11 frost giants
  33 balrugs
  6 draconian knights
  3 deep elf sorcerers
  18 vault wardens
  A draconian scorcher (Zot:1)
  3 draconian annihilators
  5 draconian shifters
  7 orc warlords
  A curse skull (Crypt:1)
  6 deep elf elementalists (Elf:3)
  An angel (Abyss:3)
  3 ghost moths
  5 cacodemons
  5 spriggan defenders
  2 draconian stormcallers
  13 ironbound preservers
  6 war gargoyles
  15 formless jellyfish
  12 quicksilver oozes
  4 very ugly things
  4 reapers
  19 stone giants
  5 ironbound thunderhulks
  11 deep elf demonologists
  5 green draconians
  2 demonspawn black suns (Zot:1)
  A vampire knight (D:15)
  11 purple draconians
  7 deep elf annihilators
  17 dire elephants
  The ghost of Niosow the Cleaver, a journeyman FoFi of Jiyva (Lair:3)
  3 black draconians
  9 white draconians
  6 yellow draconians
  A bunyip (Abyss:3)
  An eidolon (Crypt:1)
  A minotaur (Elf:2)
  10 red draconians
  4 blizzard demons
  37 starcursed masses
  6 ettins
  10 merfolk impalers
  9 deep elf death magi
  10 deep elf high priests
  A green death (Hell)
  2 jiangshi (Crypt:1)
  2 merfolk javelineers
  19 great orbs of eyes
  7 fire dragons
  Josephine (Orc:2)
  2 entropy weavers
  10 yaktaur captains
  The ghost of bakla the Unseen, a journeyman FeSh of Wu Jian (Lair:5)
  4 rakshasas
  2 peacekeepers (Vaults:3)
  8 ice dragons
  29 vault guards
  3 merfolk avatars
  4 hydras
  2 ogre magi
  10 spriggan air magi
  A caustic shrike simulacrum (Hell)
  11 salamander tyrants
  24 stokers
  25 centaur warriors
  11 ironbound frosthearts
  Erica (D:10)
  9 two-headed ogres
  16 anacondas
  10 deep troll shamans
  6 merfolk aquamancers
  4 alligator snapping turtles
  7 boulder beetles
  20 naga warriors
  2 demonic crawlers (Depths:1)
  37 dancing weapons
  Urug (Lair:2)
  9 deep troll earth magi
  3 vampire magi
  21 thrashing horrors (Abyss:3)
  A titan zombie (Hell)
  6 orc high priests
  11 shock serpents
  21 tengu warriors
  41 hell hogs
  3 death yaks (D:7)
  3 occultists
  8 spriggan berserkers
  19 sun demons
  17 deep elf knights
  9 naga sharpshooters
  3 spriggans (Depths:3)
  A storm dragon zombie (D:15)
  7 soul eaters
  3 skysharks
  12 hell knights
  Amaemon (Lair:3)
  4 sixfirhies
  A spark wasp zombie (D:15)
  14 wretched stars
  11 iron trolls
  3 shadow wraiths (Depths:3)
  5 spatial maelstroms
  9 sea snakes
  6 salamander mystics
  An iron giant zombie (Abyss:3)
  An anaconda zombie (Hell)
  2 quicksilver dragon simulacra
  3 flayed ghosts
  A shadow demon (Abyss:3)
  6 skeletal warriors
  37 deep trolls
  12 naga ritualists
  An orb spider (Abyss:3)
  4 phantasmal warriors
  11 glowing orange brains
  3 obsidian statues
  18 ironbound convokers
  4 arcanists
  An orange crystal statue (D:14)
  19 deep elf archers
  8 harpies
  3 spriggan simulacra
  A bog body (IceCv)
  The ghost of croobank the Insei, a novice DgSh (D:6)
  Pikel (D:8)
  An alligator zombie (Hell)
  30 deep elf zephyrmancers
  15 orc knights
  9 lindwurms
  9 necromancers
  4 fauns
  19 mana vipers
  A stone giant zombie (Hell)
  37 deep elf pyromancers
  A will-o-the-wisp (Abyss:1)
  A faun (shapeshifter) (Depths:4)
  10 shining eyes
  7 orc sorcerers
  A wolf spider (shapeshifter) (Vaults:5)
  23 salamanders
  A cyclops (shapeshifter) (Elf:1)
  37 ugly things
  7 cyclopes
  20 moths of wrath
  15 manticores
  A stone giant skeleton (Abyss:3)
  7 worldbinders (Abyss:3)
  9 rust devils
  12 guardian serpents
  A naga zombie (Hell)
  7 merfolk sirens
  15 elephants
  4 apocalypse crabs
  4 eyes of devastation
  14 smoke demons
  15 vault sentinels
  A torpor snail (Lair:4)
  An ice statue (Depths:3)
  6 molten gargoyles (Hell)
  29 black mambas
  10 hellions
  16 naga magi
  6 water nymphs
  5 orange demons
  12 cane toads
  6 kobold demonologists
  6 rime drakes
  16 komodo dragons
  2 tormentors
  4 unseen horrors
  3 ice devils
  3 tengu conjurers
  2 efreet
  An alligator snapping turtle skeleton (Hell)
  Psyche (D:11)
  9 freezing wraiths
  A sea snake zombie (Hell)
  37 yaktaurs
  15 ancient zymes (Abyss:3)
  3 golden dragon simulacra (IceCv)
  32 merfolk
  4 trolls
  A sea snake skeleton (Hell)
  5 polar bears
  2 wind drakes
  A hydra zombie (Hell)
  A wind drake (shapeshifter) (Vaults:5)
  3 hornets (Depths:3)
  A great orb of eyes zombie (Crypt:1)
  24 raiju (Abyss:3)
  Prince Ribbit (D:9)
  13 blink frogs
  A glass eye (shapeshifter) (Vaults:5)
  A hydra skeleton (Hell)
  6 glass eyes
  14 snapping turtles
  2 harpy skeletons
  12 dream sheep
  16 flying skulls
  133 slime creatures
  A culicivora (shapeshifter) (Vaults:5)
  20 water elementals
  53 large abominations
  A shadow (D:12)
  The ghost of tinescath the Magician, an amateur DEHW (D:5)
  The ghost of fingers the Gusty, an amateur TeAE (D:3)
  A vampire (D:12)
  28 yaks
  6 air elementals
  6 ynoxinuls
  8 wyverns
  A dire elephant simulacrum (IceCv)
  2 hogs (D:12)
  Eustachio (D:5)
  5 fire elementals
  17 golden eyes
  11 wraiths
  2 basilisks
  6 humans (Bailey)
  A fire bat (Abyss:1)
  2 vampire mosquitoes
  A sea snake simulacrum (Hell)
  A golden eye (shapeshifter) (D:14)
  5 chaos spawn
  A harpy simulacrum (Abyss:3)
  9 neqoxecs
  Menkaure (D:6)
  5 spatial vortices
  A steam dragon (Lair:5)
  53 nagas
  4 wargs
  3 hydra simulacra (IceCv)
  2 naga skeletons (Hell)
  Duvessa (D:5)
  2 hell hounds
  23 water moccasins
  27 small abominations
  3 acid dragons
  4 ice beasts
  2 sky beasts
  An ice beast (shapeshifter) (Vaults:5)
  37 orc warriors
  6 black bears
  11 wolves
  10 ettin simulacra
  4 centaurs
  An ogre (shapeshifter) (Abyss:3)
  A boggart (shapeshifter) (Depths:1)
  3 ogres
  A phantom (D:4)
  15 kobold brigands
  Blork the orc (D:5)
  15 bullfrogs
  2 deep troll simulacra (IceCv)
  13 scorpions
  3 earth elementals
  25 wights
  Dowan (D:5)
  10 killer bees
  A wyvern skeleton (D:3)
  5 electric eels
  4 howler monkeys
  2 crimson imps
  A bullfrog zombie (D:3)
  2 quasits (Abyss:3)
  A centaur zombie (D:3)
  3 jellies
  A bullfrog skeleton (D:3)
  A gnoll bouda (D:5)
  17 orc priests
  7 hounds
  2 iron imps (Abyss:3)
  A sleepcap (D:4)
  6 iguanas
  A hell rat (Hell)
  19 orc wizards
  7 adders
  4 gnolls
  2 shadow imps
  6 white imps
  2 ufetubi (D:6)
  3 worms
  3 dart slugs (D:3)
  76 orcs
  6 ball pythons
  12 endoplasms
  7 giant cockroaches
  7 hobgoblins
  10 jackals
  A quokka (D:4)
  8 bats
  2 frilled lizards
  11 goblins
  20 kobolds
  6 rats (D:1)
  3 butterflies
  3 creeping infernos
  7 fire vortices
  3 lurking horrors
  9 starspawn tentacles
2874 creatures vanquished.

Vanquished Creatures (collateral kills)
  A golden dragon (Zot:5)
  A pandemonium lord (Zot:5)
  An Orb Guardian (Zot:5)
  A lich (Zot:5)
  A moth of wrath (Zot:5)
  A toenail golem (Zot:5)
6 creatures vanquished.

Vanquished Creatures (others)
  An ancient lich (Zot:5)
  An electric golem (Zot:5)
  3 Orb Guardians (Zot:5)
  2 shadow dragons
  2 fire giants
  A draconian stormcaller (Zot:4)
  A green draconian (Zot:4)
  A black draconian (Zot:5)
  2 red draconians (Zot:4)
  A purple draconian (Zot:4)
  A yellow draconian (Zot:4)
  A stoker (Geh:7)
  A quicksilver dragon simulacrum (Depths:3)
  2 deep elf pyromancers
  A hellion (Zot:5)
  2 flying skulls (Abyss:3)
  A starcursed mass (Abyss:3)
  A white imp (Abyss:3)
  4 foxfires (Abyss:1)
  A lurking horror (Lair:5)
  7 starspawn tentacles
  17 tentacles (Shoals:1)
54 creatures vanquished.

Grand Total: 2934 creatures vanquished

Notes
Turn   | Place    | Note
-------+----------+-------------------------------------------
     0 | D:1      | Doj the Minotaur Fighter began the quest for the Orb.
     0 | D:1      | Reached XP level 1. HP: 19/19 MP: 0/0
   181 | D:1      | Reached XP level 2. HP: 17/26 MP: 1/1
   469 | D:1      | Reached XP level 3. HP: 31/31 MP: 2/2
  1076 | D:2      | Found a faded altar of an unknown god.
  1483 | D:3      | Reached skill level 5 in Axes
  1548 | D:3      | Reached XP level 4. HP: 35/39 MP: 3/3
  2308 | D:3      | Noticed a scorpion
  2324 | D:3      | Killed a scorpion
  2325 | D:3      | Reached XP level 5. HP: 38/45 MP: 4/4
  2582 | D:3      | Found a transporter.
  2585 | D:3      | Noticed fingers's ghost (amateur TeAE)
  3031 | D:3      | Found a transporter.
  3575 | D:4      | Reached XP level 6. HP: 38/51 MP: 5/5
  3879 | D:5      | Entered Level 5 of the Dungeon
  4603 | D:4      | Found the amulet of Elemental Vulnerability {rPois rF--
                  | rC-- AC+8}
  4730 | D:5      | Noticed Blork the orc
  4742 | D:5      | Killed Blork the orc
  4743 | D:5      | Reached XP level 7. HP: 57/57 MP: 6/6
  4744 | D:5      | Noticed Eustachio
  4960 | D:5      | Noticed Dowan
  4962 | D:5      | Noticed Duvessa
  5143 | D:6      | Found a runed translucent gate.
  5161 | D:6      | Reached skill level 10 in Axes
  5341 | D:6      | Found a runed translucent gate.
  5341 | D:6      | Found a runed translucent gate.
  5422 | D:5      | Killed Eustachio
  5696 | D:5      | Killed Duvessa
  5701 | D:5      | Killed Dowan
  5702 | D:5      | Reached XP level 8. HP: 38/67 MP: 7/7
  6090 | D:5      | Found a runed translucent gate.
  6090 | D:5      | Found a runed translucent gate.
  6196 | D:5      | Found a runed translucent gate.
  6200 | D:5      | Noticed tinescath's ghost (amateur DEHW)
  6315 | D:5      | Found an iron altar of Okawaru.
  6503 | D:5      | Reached skill level 5 in Fighting
  6803 | D:5      | Reached skill level 1 in Throwing
  8182 | D:6      | Noticed Menkaure
  8299 | D:6      | Killed Menkaure
  8339 | D:6      | Reached XP level 9. HP: 78/78 MP: 8/8
  8697 | D:6      | Found a radiant altar of Vehumet.
  8697 | D:6      | Found a burning altar of Makhleb.
  8840 | D:6      | Noticed croobank's ghost (novice DgSh)
  9428 | D:8      | You fall into a shaft and drop 2 floors!
  9428 | D:10     | Entered Level 10 of the Dungeon
  9550 | D:9      | Noticed a two-headed ogre
  9562 | D:9      | Killed a two-headed ogre
  9563 | D:9      | Reached skill level 5 in Throwing
  9585 | D:9      | Noticed Prince Ribbit
  9591 | D:9      | Killed Prince Ribbit
  9596 | D:9      | Noticed a kobold demonologist
  9597 | D:9      | Noticed a kobold demonologist
  9597 | D:9      | Noticed a kobold demonologist
  9614 | D:9      | Reached XP level 10. HP: 35/91 MP: 9/9
  9736 | D:9      | Found a staircase to the Lair.
  9755 | D:9      | Noticed a soul eater
  9785 | D:9      | Found a flagged portal.
  9794 | Bailey   | Entered a bailey
 10024 | Bailey   | Reached skill level 10 in Fighting
 10219 | Bailey   | Noticed a vault guard
 10242 | Bailey   | Killed a vault guard
 10525 | Bailey   | Noticed a vault guard
 10536 | Bailey   | Killed a vault guard
 10851 | D:9      | Noticed Gastronok
 10918 | D:8      | Reached XP level 11. HP: 95/102 MP: 10/10
 11850 | D:7      | Found a runed translucent gate.
 11850 | D:7      | Found a runed translucent gate.
 11850 | D:7      | Found a runed translucent gate.
 11850 | D:7      | Noticed a death yak
 11850 | D:7      | Noticed a death yak
 11850 | D:7      | Noticed a death yak
 12534 | D:7      | Found a staircase to the Ecumenical Temple.
 12539 | Temple   | Entered the Ecumenical Temple
 12559 | Temple   | Became a worshipper of Gozag Ym Sagoz the Greedy
 12893 | D:8      | Noticed Pikel
 12897 | D:8      | Killed Pikel
 12917 | D:8      | Found a runed translucent door.
 12926 | D:8      | Found a runed translucent door.
 13222 | D:9      | Found a hide-covered altar of Uskayaw.
 13225 | D:9      | Found an ancient bone altar of Kikubaaqudgha.
 13228 | D:9      | Found a shimmering blue altar of Sif Muna.
 13231 | D:9      | Found a hazy altar of Hepliaklqana.
 13296 | D:9      | Reached skill level 15 in Axes
 13481 | D:8      | Identified the +2 chain mail "Irghug Butse" {rN+ Will+}
 14280 | D:9      | Found a staircase to the Orcish Mines.
 14344 | D:9      | Reached skill level 5 in Armour
 14381 | D:9      | Killed Gastronok
 14382 | D:9      | Reached skill level 5 in Shields
 15153 | D:10     | Noticed Erica
 15259 | D:10     | Killed Erica
 15715 | D:11     | Noticed a cyan ugly thing
 15738 | D:10     | Killed a cyan ugly thing
 15934 | D:11     | Reached XP level 12. HP: 110/112 MP: 11/11
 15941 | D:11     | Noticed a boulder beetle
 15955 | D:11     | Killed a boulder beetle
 16787 | D:11     | Found a transporter.
 16787 | D:11     | Found a transporter.
 16787 | D:11     | Noticed a boulder beetle
 16787 | D:11     | Noticed a boulder beetle
 17354 | D:12     | Noticed a two-headed ogre
 17664 | D:12     | Noticed Psyche
 17797 | D:11     | Killed Psyche
 17855 | D:12     | Killed a two-headed ogre
 18477 | D:12     | Reached skill level 10 in Throwing
 18707 | D:13     | Noticed a centaur warrior
 18781 | D:13     | Killed a centaur warrior
 19405 | D:13     | Noticed a boulder beetle
 19426 | D:13     | Killed a boulder beetle
 19523 | D:14     | Noticed a boulder beetle
 19539 | D:14     | Killed a boulder beetle
 19731 | D:14     | Reached XP level 13. HP: 77/122 MP: 12/12
 19740 | D:14     | Noticed a white very ugly thing
 19749 | D:14     | Killed a white very ugly thing
 19805 | D:14     | Found a frozen archway.
 19827 | IceCv    | Entered an ice cave
 20583 | IceCv    | Identified a scroll of acquirement
 20585 | IceCv    | Acquired a +1 executioner's axe of electrocution
 22888 | IceCv    | Noticed an Ice Fiend
 22888 | IceCv    | Noticed an Ice Fiend
 22898 | IceCv    | Killed an Ice Fiend
 22909 | IceCv    | Killed an Ice Fiend
 23551 | D:12     | Noticed Kirke
 23702 | D:11     | Killed Kirke
 23819 | D:13     | Reached skill level 10 in Armour
 23819 | D:13     | Reached skill level 10 in Shields
 24495 | D:13     | Identified the ring "Yvuul" {Fly rC+ Stlth+}
 24650 | D:13     | Noticed an ironbound preserver
 24657 | D:13     | Killed an ironbound preserver
 24658 | D:13     | Reached skill level 1 in Evocations
 24915 | D:13     | Found a gate to the Vaults.
 25102 | Lair:1   | Entered Level 1 of the Lair of Beasts
 25463 | Lair:1   | Reached XP level 14. HP: 120/133 MP: 13/13
 26243 | Lair:2   | Noticed Urug
 26251 | Lair:2   | Killed Urug
 26456 | Lair:2   | Identified the +0 ring mail of the Chupacabra {Harm rElec
                  | Will- Int+4}
 26560 | Lair:2   | Reached skill level 1 in Maces & Flails
 27783 | Lair:3   | Found a staircase to the Shoals.
 28094 | Lair:3   | Found a staircase to the Snake Pit.
 28134 | Lair:3   | Noticed Amaemon
 28285 | Lair:3   | Killed Amaemon
 28655 | Lair:3   | You are sucked into a shaft and drop 2 floors!
 28655 | Lair:5   | Entered Level 5 of the Lair of Beasts
 28823 | Lair:3   | Reached skill level 15 in Fighting
 28906 | Lair:3   | Found a runed translucent door.
 28906 | Lair:3   | Noticed Niosow's ghost (journeyman FoFi)
 29461 | Lair:4   | Noticed Rupert
 29494 | Lair:4   | Killed Rupert
 30991 | Lair:5   | Found a viscous altar of Jiyva.
 31095 | Lair:5   | Found a staircase to the Slime Pits.
 31115 | Lair:5   | Found a transporter.
 31115 | Lair:5   | Noticed bakla's ghost (journeyman FeSh)
 31117 | Lair:5   | Found a transporter.
 31261 | Lair:5   | Reached XP level 15. HP: 141/141 MP: 14/14
 31808 | Lair:5   | Identified the +7 long sword of Slow Death {distort, Str+3
                  | Int+4}
 31823 | Lair:5   | Found a one-way gate to the infinite horrors of the Abyss.
 31826 | Lair:5   | Found a corrupted altar of Lugonu.
 31959 | Lair:5   | Found the +7 captain's cutlass {speed, disarm}
 32572 | D:15     | Entered Level 15 of the Dungeon
 32826 | D:15     | Found a staircase to the Depths.
 32862 | D:15     | Reached skill level 5 in Maces & Flails
 33587 | D:14     | Found Ukon's Weapon Shop.
 33596 | D:14     | Bought a +1 broad axe of flaming for 170 gold pieces
 35049 | D:15     | Reached skill level 5 in Evocations
 35278 | Orc:1    | Entered Level 1 of the Orcish Mines
 35885 | Orc:2    | Entered Level 2 of the Orcish Mines
 36157 | Orc:2    | Found Zigus's Antique Weapon Shop.
 36174 | Orc:2    | Noticed Donald
 36198 | Orc:2    | Killed Donald
 36670 | Orc:2    | Noticed Josephine
 36779 | Orc:2    | Killed Josephine
 36838 | Orc:2    | Bought a pitted mace for 200 gold pieces
 36838 | Orc:2    | Identified the +6 mace "Gyoprull" {heavy, rF+ Int+3} (You
                  | bought it in a shop on level 2 of the Orcish Mines)
 38134 | Orc:2    | Found Alumewk's Jewellery Emporium.
 38145 | Orc:2    | Bought an amulet of regeneration for 450 gold pieces
 39355 | Orc:2    | Found Puhywkol's General Store.
 39363 | Orc:2    | Bought a potion of ambrosia for 112 gold pieces
 39363 | Orc:2    | Bought a scroll of identify for 28 gold pieces
 39934 | Orc:2    | Bought a +4 ring of slaying for 1170 gold pieces
 40023 | Orc:2    | Found Ewirinn's Antique Armour Emporium.
 40031 | Orc:2    | Found a staircase to the Elven Halls.
 40032 | Orc:2    | Bought a runed plate armour for 754 gold pieces
 40405 | Orc:2    | Identified the +4 plate armour of Duty {Drain rF+++ rC+
                  | rCorr}
 40488 | Orc:2    | Paralysed by an orc sorcerer for 3 turns
 40923 | Shoals:1 | Entered Level 1 of the Shoals
 41157 | Shoals:1 | Noticed Frances
 41298 | Shoals:1 | Killed Frances
 41471 | Shoals:1 | Noticed a kraken
 41515 | Shoals:1 | Killed a kraken
 41892 | Shoals:1 | Reached XP level 16. HP: 140/150 MP: 15/15
 43596 | Shoals:3 | Found a runed translucent door.
 44011 | Shoals:2 | Noticed Ilsuiw
 44115 | Shoals:3 | Noticed snackwell's ghost (adept DrSh)
 44257 | Shoals:2 | Killed Ilsuiw
 44466 | Shoals:2 | Noticed Roxanne
 45112 | Shoals:4 | Entered Level 4 of the Shoals
 45225 | Shoals:4 | Reached skill level 1 in Dodging
 45855 | Shoals:4 | Acquired 908 gold pieces
 45897 | Shoals:4 | Got a barnacled rune of Zot
 47693 | Snake:1  | Entered Level 1 of the Snake Pit
 47917 | Snake:1  | Reached XP level 17. HP: 152/160 MP: 16/16
 50838 | Snake:3  | Noticed Saint Roka
 50855 | Snake:2  | Killed Saint Roka
 51961 | Snake:3  | Reached skill level 5 in Dodging
 53730 | Snake:4  | Entered Level 4 of the Snake Pit
 53937 | Snake:4  | Noticed Mara
 54024 | Snake:3  | Reached XP level 18. HP: 171/171 MP: 17/17
 54099 | Snake:3  | Identified the +9 falchion of the Fray {protect, rCorr
                  | Str+5}
 56233 | Snake:4  | Noticed Doj's illusion
 56580 | Snake:4  | Noticed Doj's illusion
 56865 | Vaults:5 | Identified the of Kidej
 56865 | Crypt:3  | Identified the of Maorch
 56865 | Elf:1    | Identified the "Ychonaub"
 56865 | Elf:2    | Identified the "Pogulika"
 56865 | Zot:1    | Identified the of Zyuklug
 56865 | Slime:1  | Entered Level 1 of the Pits of Slime
 56884 | Slime:1  | Paralysed by a formless jellyfish for 1 turns
 57215 | Slime:1  | Reached skill level 15 in Armour
 57288 | Slime:1  | Gained mutation: Your spells are a little easier to cast,
                  | but a little less powerful. [a shining eye]
 57762 | Slime:3  | Reached skill level 15 in Shields
 58047 | Slime:2  | Paralysed by a formless jellyfish for 1 turns
 59881 | Slime:3  | Gained mutation: You occasionally lose the ability to read
                  | scrolls when taking damage. [a shining eye]
 60303 | Slime:2  | Reached skill level 15 in Throwing
 60320 | Slime:2  | Lost mutation: Your spells are a little easier to cast, but
                  | a little less powerful. [potion of mutation]
 60320 | Slime:2  | Lost mutation: You occasionally lose the ability to read
                  | scrolls when taking damage. [potion of mutation]
 60320 | Slime:2  | Gained mutation: Your mind is acute. (Int +4, Str/Dex -1)
                  | [potion of mutation]
 61013 | Slime:5  | Identified the "Zoejonle"
 61013 | Slime:5  | Entered Level 5 of the Pits of Slime
 61244 | Slime:4  | Reached XP level 19. HP: 180/180 MP: 7/18
 63321 | Slime:5  | Paralysed by a formless jellyfish for 1 turns
 64037 | Slime:5  | Found a viscous altar of Jiyva.
 64166 | Slime:5  | Noticed the Royal Jelly
 64203 | Slime:5  | Killed the Royal Jelly
 65223 | Slime:5  | Paralysed by a formless jellyfish for 1 turns
 65340 | Slime:5  | Identified the +4 morningstar "Nide" {protect, rPois Int+6}
 65501 | Slime:5  | Got a slimy rune of Zot
 65507 | Slime:5  | Identified the +0 dagger "Ogomua" {elec, Drain rC+ SInv}
 65520 | Slime:5  | Identified the ring "Masus" {Int+6 Dex+3}
 66298 | Vaults:1 | Entered Level 1 of the Vaults
 66402 | Vaults:1 | Found Apior's Distillery.
 66410 | Vaults:1 | Bought a potion of curing for 51 gold pieces
 66410 | Vaults:1 | Bought a potion of mutation for 136 gold pieces
 66410 | Vaults:1 | Bought a potion of haste for 170 gold pieces
 66410 | Vaults:1 | Bought a potion of might for 68 gold pieces
 66429 | Vaults:1 | Reached skill level 10 in Evocations
 66829 | Vaults:1 | Paralysed by a formless jellyfish for 1 turns
 67121 | Vaults:1 | Found Innoxosch's Weapon Boutique.
 67999 | Vaults:1 | Found Xiuw's Antique Armour Shoppe.
 68010 | Vaults:1 | Bought a shiny plate armour for 910 gold pieces
 68661 | Vaults:1 | Reached XP level 20. HP: 191/191 MP: 19/19
 68846 | Vaults:1 | Identified the +3 giant spiked club "Goblinslayer" {holy,
                  | Dex+3}
 69614 | Vaults:2 | Paralysed by a formless jellyfish for 1 turns
 70105 | Vaults:2 | Found Jadwa's Magic Scroll Boutique.
 70108 | Vaults:2 | Bought a scroll of teleportation for 48 gold pieces
 70108 | Vaults:2 | Bought a scroll of immolation for 64 gold pieces
 70108 | Vaults:2 | Bought a scroll of revelation for 120 gold pieces
 70108 | Vaults:2 | Bought a scroll of teleportation for 48 gold pieces
 70108 | Vaults:2 | Bought 2 scrolls of teleportation for 96 gold pieces
 70108 | Vaults:2 | Bought a scroll of enchant armour for 120 gold pieces
 70574 | Vaults:2 | Noticed Zenata
 70595 | Vaults:2 | Killed Zenata
 72838 | Vaults:3 | Found a staircase to the Crypt.
 73885 | Vaults:4 | Paralysed by a formless jellyfish for 1 turns
 74272 | Vaults:4 | Paralysed by a formless jellyfish for 1 turns
 75067 | Vaults:4 | Reached XP level 21. HP: 202/202 MP: 14/20
 76784 | Elf:1    | Entered Level 1 of the Elven Halls
 77159 | Elf:1    | Found Sulomid's General Store.
 77162 | Elf:1    | Bought a potion of attraction for 60 gold pieces
 77162 | Elf:1    | Bought a scroll of blinking for 150 gold pieces
 77288 | Elf:1    | Found Vaho's Armour Emporium.
 77306 | Elf:1    | Bought a +1 cloak for 195 gold pieces
 77435 | Elf:1    | Paralysed by an air elemental for 1 turns
 77441 | Elf:1    | Paralysed by an air elemental for 1 turns
 77728 | Elf:1    | Found Ulupte's Book Emporium.
 77756 | Elf:1    | Found a radiant altar of Vehumet.
 78161 | Elf:2    | Found a runed translucent gate.
 78161 | Elf:2    | Found a runed translucent gate.
 78161 | Elf:2    | Found a runed translucent gate.
 78171 | Elf:2    | Noticed hikkokomori's ghost (adept GnVM)
 78662 | Elf:1    | Paralysed by an air elemental for 1 turns
 78666 | Elf:1    | Found an ancient bone altar of Kikubaaqudgha.
 78666 | Elf:1    | Found an ancient bone altar of Kikubaaqudgha.
 78688 | Elf:1    | Found a radiant altar of Vehumet.
 78688 | Elf:1    | Found an ancient bone altar of Kikubaaqudgha.
 78786 | Elf:1    | Paralysed by an air elemental for 1 turns
 78877 | Elf:1    | Identified the +3 halberd of Eternity {spect, *Corrode rF++
                  | Int-2 Stlth+}
 78976 | Elf:1    | Identified the +1 arbalest of Intimidation {elec, Stlth+}
 79373 | Elf:2    | Paralysed by an air elemental for 1 turns
 80135 | Elf:2    | Identified the +9 whip of Zin's Generosity {flame, SInv}
 80203 | Elf:2    | Found a runed translucent gate.
 80208 | Elf:2    | Identified the +5 dagger "Erro" {distort, rN+ Will+ Str+5}
 80210 | Elf:2    | Found a runed translucent gate.
 80211 | Elf:2    | Found a runed translucent gate.
 81894 | Elf:2    | Identified the +1 leather armour of the Robin {rC+}
 81904 | Elf:2    | Found an iron altar of Okawaru.
 82057 | Elf:3    | Entered Level 3 of the Elven Halls
 82165 | Elf:3    | Paralysed by an air elemental for 1 turns
 82331 | Elf:3    | Found a runed translucent door.
 82374 | Elf:3    | Found the +0 pair of fencer's gloves {Riposte Dex+3}
 82758 | Elf:3    | Reached XP level 22. HP: 215/215 MP: 21/21
 83486 | Elf:3    | Identified the +12 glaive "Sumnoson" {venom, rCorr Str+3}
 83486 | Elf:3    | Identified the ring of Xom's Whimsicality {Wiz rC+ Str+3
                  | SInv}
 84583 | Elf:3    | Identified the +9 dagger of the Illusory Prophets {flame,
                  | Fly rCorr}
 84889 | Elf:3    | Identified the +8 long sword of Hogel {vamp, Int+5}
 86873 | Vaults:5 | Entered Level 5 of the Vaults
 87206 | Vaults:5 | Noticed a dread lich
 87224 | Vaults:5 | Killed a dread lich
 88107 | Vaults:5 | Noticed an ancient lich
 88114 | Vaults:5 | Noticed an ancient lich
 88126 | Vaults:5 | Killed an ancient lich
 88136 | Vaults:5 | Killed an ancient lich
 88154 | Vaults:5 | Reached skill level 15 in Evocations
 88242 | Vaults:5 | Identified the staff of Law {rF+ Will+ Fire}
 88594 | Vaults:5 | Got a silver rune of Zot
 88609 | Vaults:5 | Noticed a golden dragon
 88618 | Vaults:5 | Killed a golden dragon
 89155 | Vaults:5 | Reached XP level 23. HP: 221/222 MP: 22/22
 89829 | Vaults:5 | Identified the +2 pair of boots of Perfidy {Harm}
 89850 | Vaults:5 | Identified the +6 plate armour of the Arena {Dex+3}
 89873 | Vaults:5 | Identified the +9 short sword "Gexeeregh" {venom, rElec rN+
                  | Will++ Str-3}
 90271 | Vaults:5 | Identified the +7 shortbow of the Orb {antimagic, rN+
                  | Int+4}
 90277 | Vaults:5 | Reached skill level 27 in Axes
 90314 | Vaults:5 | Identified the talisman of death of the Wilderness {rCorr
                  | Int+3}
 90585 | Vaults:5 | Identified the +0 helmet of Anarchy {+Inv Int+6 Stlth-}
 90586 | Vaults:5 | Identified the +3 trident of the Badger {vamp, Fragile
                  | Dex+4}
 90591 | Vaults:5 | Acquired 802 gold pieces
 90596 | Vaults:5 | Acquired a manual of Throwing
 90912 | Crypt:1  | Entered Level 1 of the Crypt
 90955 | Crypt:1  | Noticed Margery
 90963 | Crypt:1  | Killed Margery
 91252 | Depths:1 | Entered Level 1 of the Depths
 91252 | Depths:1 | Found Hysu's Distillery.
 91252 | Depths:1 | Found a gateway to Hell.
 91487 | Depths:1 | Identified the ring of Loapn {*Slow rElec rPois rC++ rN+}
 92249 | Depths:1 | Bought a potion of curing for 45 gold pieces
 92249 | Depths:1 | Bought a potion of attraction for 45 gold pieces
 92249 | Depths:1 | Bought a potion of haste for 150 gold pieces
 92249 | Depths:1 | Bought a potion of curing for 45 gold pieces
 92249 | Depths:1 | Bought a potion of mutation for 120 gold pieces
 92249 | Depths:1 | Bought a potion of heal wounds for 75 gold pieces
 92252 | Depths:1 | Found a broken altar of Ashenzari.
 92278 | Depths:1 | Found Juehuene's Weapon Shoppe.
 92362 | Depths:1 | Found a bloodstained altar of Trog.
 92608 | Depths:1 | Found Ejyiceth's Jewellery Boutique.
 92618 | Depths:1 | Bought the amulet "Potiteuk" {rPois Will++ Regen+ SInv} for
                  | 594 gold pieces
 92699 | Depths:1 | Found Awue's Distillery.
 92716 | Depths:1 | Bought a potion of heal wounds for 75 gold pieces
 92716 | Depths:1 | Bought a potion of heal wounds for 75 gold pieces
 92716 | Depths:1 | Bought a potion of resistance for 150 gold pieces
 92716 | Depths:1 | Bought a potion of heal wounds for 75 gold pieces
 92917 | Depths:1 | Found Miem's Jewellery Boutique.
 92918 | Depths:1 | Found Kuen's Book Emporium.
 92918 | Depths:1 | Found Kuntir's Book Emporium.
 92929 | Depths:1 | Bought a manual of Unarmed Combat for 1280 gold pieces
 92951 | Depths:1 | Found a one-way gate leading to the halls of Pandemonium.
 93198 | Depths:2 | Reached skill level 1 in Unarmed Combat
 93214 | Depths:4 | Entered Level 4 of the Depths
 94657 | Depths:3 | Reached skill level 5 in Unarmed Combat
 95069 | Depths:3 | Found a bloodstained altar of Trog.
 95078 | Depths:3 | Noticed Xtahua
 95092 | Depths:3 | Killed Xtahua
 95145 | Depths:3 | Reached XP level 24. HP: 239/239 MP: 17/22
 95208 | Depths:3 | Found an opulent altar of Gozag.
 95473 | Depths:3 | Noticed a juggernaut
 95487 | Depths:3 | Killed a juggernaut
 95677 | Depths:3 | Found a glowing golden altar of the Shining One.
 95714 | Depths:3 | Identified the +2 pair of boots of the Shishi {rC- Dex+5}
 95743 | Depths:3 | Noticed Boris
 95767 | Depths:3 | Killed Boris
 95887 | Depths:3 | Identified the +10 scale mail of the Original Sin {rElec
                  | rPois Int+3}
 96363 | Depths:3 | Found a broken altar of Ashenzari.
 97338 | Depths:4 | Found a one-way gateway to a ziggurat.
 97667 | Depths:4 | Found a gate to the Realm of Zot.
 97883 | Depths:4 | Found Wuec's Distillery.
 97894 | Depths:4 | Bought a potion of haste for 130 gold pieces
 97894 | Depths:4 | Bought a potion of curing for 39 gold pieces
 97894 | Depths:4 | Bought a potion of haste for 130 gold pieces
 98005 | Depths:4 | Identified the +11 chain mail of Kinemiar {Rampage Regen+
                  | Str+3 Dex+3}
 98389 | Snake:4  | Killed Mara
 98808 | Snake:4  | Reached skill level 10 in Unarmed Combat
 99066 | Snake:4  | Got a serpentine rune of Zot
 99676 | Hell     | Entered the Vestibule of Hell
 99679 | Hell     | Noticed Geryon
 99908 | Hell     | Killed Geryon
 99952 | Hell     | Reached XP level 25. HP: 198/249 MP: 22/22
100405 | Hell     | Found a gateway to the ashen valley of Gehenna.
100559 | Hell     | Found a gateway to the Iron City of Dis.
100760 | Hell     | Found a gateway to the freezing wastes of Cocytus.
100837 | Hell     | Found a gateway to the decaying netherworld of Tartarus.
100974 | Tomb:3   | Identified the "Agiani"
100974 | Tar:7    | Identified the "Pofiakk"
100974 | Tar:7    | Identified the "Ytoz"
100974 | Tar:7    | Identified the "Let Ret"
100974 | Tar:7    | Identified the "Sogaeg"
100974 | Coc:7    | Identified the of Mosmedut
100974 | Dis:7    | Identified the "Agobraer"
100974 | Dis:7    | Identified the "Lagod"
100974 | Geh:1    | Entered Level 1 of Gehenna
102171 | Zot:1    | Entered Level 1 of the Realm of Zot
102272 | Zot:1    | Identified the +4 falchion "Cyuzy" {holy, rC- MP+9 Int+4
                  | Stlth+}
102538 | Zot:4    | Noticed a Killer Klown
102553 | Zot:4    | Killed a Killer Klown
104030 | Zot:1    | Noticed an orb of fire
104039 | Zot:1    | Killed an orb of fire
104159 | Zot:1    | Identified the +3 dagger "Lifebane" {flame, Int+2}
105008 | Zot:3    | Found a huge runed gate.
105008 | Zot:3    | Found a huge runed gate.
105008 | Zot:3    | Found a huge runed gate.
105008 | Zot:3    | Found a huge runed gate.
105008 | Zot:3    | Found a huge runed gate.
105008 | Zot:3    | Found a huge runed gate.
105008 | Zot:3    | Found a huge runed gate.
105008 | Zot:3    | Found a huge runed gate.
105008 | Zot:3    | Found a huge runed gate.
105009 | Zot:3    | Found a huge runed gate.
105039 | Zot:5    | Entered Level 5 of the Realm of Zot
105083 | Zot:3    | Found a huge runed gate.
105118 | Zot:3    | Found a huge runed gate.
105119 | Zot:3    | Found a huge runed gate.
105149 | Zot:3    | Found a huge runed gate.
105149 | Zot:3    | Found a huge runed gate.
105149 | Zot:3    | Found a huge runed gate.
105149 | Zot:3    | Found a huge runed gate.
105149 | Zot:3    | Found a huge runed gate.
105150 | Zot:3    | Found a huge runed gate.
105151 | Zot:3    | Found a huge runed gate.
105159 | Zot:3    | Found a huge runed gate.
105159 | Zot:3    | Found a huge runed gate.
105159 | Zot:3    | Found a huge runed gate.
105159 | Zot:3    | Found a huge runed gate.
105159 | Zot:3    | Found a huge runed gate.
105159 | Zot:3    | Found a huge runed gate.
105470 | Zot:3    | Found a huge runed gate.
105470 | Zot:3    | Found a huge runed gate.
105470 | Zot:3    | Found a huge runed gate.
105470 | Zot:3    | Found a huge runed gate.
105471 | Zot:3    | Found a huge runed gate.
105471 | Zot:3    | Found a huge runed gate.
105471 | Zot:3    | Found a huge runed gate.
105472 | Zot:3    | Found a huge runed gate.
105473 | Zot:3    | Found a huge runed gate.
105474 | Zot:3    | Found a huge runed gate.
105799 | Zot:3    | Noticed an ancient lich
105799 | Zot:3    | Noticed a Killer Klown
105800 | Zot:3    | Noticed an orb of fire
106114 | Zot:3    | Gained mutation: You are vulnerable to heat. (rF-) [an orb
                  | of fire]
106175 | Zot:2    | Reached XP level 26. HP: 166/260 MP: 22/22
106269 | Zot:3    | Gained mutation: You occasionally lose the ability to read
                  | scrolls when taking damage. [an orb of fire]
106274 | Zot:3    | Killed an orb of fire
108355 | Depths:3 | Voluntarily entered the Abyss.
108355 | Abyss:1  | Found a corrupted altar of Lugonu.
108479 | Abyss:1  | Found a corrupted altar of Lugonu.
108509 | Abyss:1  | Found a corrupted altar of Lugonu.
108856 | Abyss:2  | Found a bloodstained altar of Trog.
108920 | Abyss:3  | Found a corrupted altar of Lugonu.
108983 | Abyss:3  | Found a corrupted altar of Lugonu.
108983 | Abyss:3  | Found a corrupted altar of Lugonu.
108983 | Abyss:3  | Found a corrupted altar of Lugonu.
109082 | Abyss:3  | Reached skill level 15 in Unarmed Combat
109254 | Abyss:3  | Gained mutation: You occasionally lose the ability to drink
                  | potions when taking damage. [a neqoxec]
109336 | Abyss:3  | Paralysed by you for 2 turns
109541 | Abyss:3  | Paralysed by accursed screaming for 1 turns
109621 | Abyss:3  | Gained mutation: Your mind is very acute. (Int +8, Str/Dex
                  | -2) [a neqoxec]
109703 | Depths:3 | Escaped the Abyss
110167 | Depths:3 | Voluntarily entered the Abyss.
110275 | Abyss:3  | Got an abyssal rune of Zot
110539 | Depths:3 | Escaped the Abyss
110771 | Depths:3 | Bought a scroll of teleportation for 87 gold pieces
110774 | Depths:3 | Bought a scroll of enchant armour for 135 gold pieces
110774 | Depths:3 | Bought a scroll of enchant armour for 135 gold pieces
110774 | Depths:3 | Bought a scroll of enchant armour for 135 gold pieces
110774 | Depths:3 | Bought a scroll of teleportation for 54 gold pieces
110774 | Depths:3 | Bought a scroll of blinking for 135 gold pieces
110794 | Depths:3 | Voluntarily entered the Abyss.
110794 | Abyss:3  | Found a corrupted altar of Lugonu.
110794 | Abyss:3  | Found a corrupted altar of Lugonu.
110830 | Abyss:3  | Found a corrupted altar of Lugonu.
110885 | Abyss:3  | Found a corrupted altar of Lugonu.
110981 | Abyss:3  | Found a corrupted altar of Lugonu.
110995 | Abyss:3  | Found a corrupted altar of Lugonu.
111046 | Abyss:3  | Found a corrupted altar of Lugonu.
111374 | Depths:3 | Escaped the Abyss
111483 | Depths:3 | Voluntarily entered the Abyss.
111764 | Abyss:3  | Reached XP level 27. HP: 270/271 MP: 22/22
111795 | Abyss:3  | Found a corrupted altar of Lugonu.
111800 | Abyss:3  | Gained mutation: You do not regenerate when monsters are
                  | visible. [a neqoxec]
111803 | Depths:3 | Escaped the Abyss
112210 | Shoals:2 | Killed Roxanne
112230 | Shoals:2 | Lost mutation: Your mind is very acute. (Int +8, Str/Dex
                  | -2) [potion of mutation]
112230 | Shoals:2 | Lost mutation: Your mind is acute. (Int +4, Str/Dex -1)
                  | [potion of mutation]
112230 | Shoals:2 | Lost mutation: You occasionally lose the ability to read
                  | scrolls when taking damage. [potion of mutation]
112230 | Shoals:2 | Gained mutation: You are weak. (Str -2) [potion of
                  | mutation]
112230 | Shoals:2 | Gained mutation: You passively map a small area around you.
                  | [potion of mutation]
112230 | Shoals:2 | Gained mutation: Potions are less effective at restoring
                  | your health. [potion of mutation]
112231 | Shoals:2 | Lost mutation: You occasionally lose the ability to drink
                  | potions when taking damage. [potion of mutation]
112231 | Shoals:2 | Lost mutation: You do not regenerate when monsters are
                  | visible. [potion of mutation]
112231 | Shoals:2 | Gained mutation: You are very vulnerable to heat. (rF--)
                  | [potion of mutation]
112232 | Shoals:2 | Lost mutation: You are weak. (Str -2) [potion of mutation]
112232 | Shoals:2 | Lost mutation: Potions are less effective at restoring your
                  | health. [potion of mutation]
112232 | Shoals:2 | Gained mutation: You are weak. (Str -2) [potion of
                  | mutation]
112232 | Shoals:2 | Gained mutation: You have supernaturally acute eyesight.
                  | (SInv) [potion of mutation]
112232 | Shoals:2 | Gained mutation: Your magical capacity is low. (-10% MP)
                  | [potion of mutation]
112233 | Shoals:2 | Lost mutation: You passively map a small area around you.
                  | [potion of mutation]
112233 | Shoals:2 | Lost mutation: You have supernaturally acute eyesight.
                  | (SInv) [potion of mutation]
112233 | Shoals:2 | Gained mutation: You have a pair of large horns on your
                  | head. [potion of mutation]
112234 | Shoals:2 | Lost mutation: You have a pair of large horns on your head.
                  | [potion of mutation]
112234 | Shoals:2 | Lost mutation: Your magical capacity is low. (-10% MP)
                  | [potion of mutation]
112234 | Shoals:2 | Lost mutation: You are very vulnerable to heat. (rF--)
                  | [potion of mutation]
112234 | Shoals:2 | Gained mutation: Your mind is acute. (Int +4, Str/Dex -1)
                  | [potion of mutation]
112234 | Shoals:2 | Gained mutation: You are frail. (-10% HP) [potion of
                  | mutation]
112234 | Shoals:2 | Gained mutation: You possess an exceptional clarity of
                  | mind. [potion of mutation]
112236 | Shoals:2 | Lost mutation: You are weak. (Str -2) [potion of mutation]
112236 | Shoals:2 | Lost mutation: You are frail. (-10% HP) [potion of
                  | mutation]
112236 | Shoals:2 | Gained mutation: You have large cloven feet. [potion of
                  | mutation]
112236 | Shoals:2 | Gained mutation: Your spells are a little easier to cast,
                  | but a little less powerful. [potion of mutation]
113111 | Geh:4    | Noticed an ancient lich
113126 | Geh:4    | Killed an ancient lich
113849 | Geh:7    | Entered Level 7 of Gehenna
114175 | Geh:7    | Reached skill level 27 in Fighting
115459 | Geh:7    | Found the +7 sceptre of Torment {pain, torment}
115464 | Geh:7    | Identified the amulet of Puurph Ipon {RegenMP Rampage Will+
                  | Str+2}
115485 | Geh:7    | Identified the +3 robe "Foschopru" {Int+2 Dex-5 Archmagi}
115489 | Geh:7    | Identified the +0 chain mail of the World {Str+4}
115953 | Geh:7    | Found the +13 sceptre of Asmodeus
115953 | Geh:7    | Noticed Asmodeus
116122 | Geh:7    | Killed Asmodeus
116837 | Geh:7    | Got an obsidian rune of Zot
117033 | Depths:3 | Voluntarily entered the Abyss.
117142 | Abyss:3  | Noticed a dread lich
117150 | Abyss:3  | Killed a dread lich
117313 | Abyss:3  | Found a corrupted altar of Lugonu.
117372 | Depths:3 | Escaped the Abyss
117993 | Depths:3 | Voluntarily entered the Abyss.
118107 | Depths:3 | Escaped the Abyss
119074 | Zot:4    | Noticed an orb of fire
119075 | Zot:4    | Lost mutation: You possess an exceptional clarity of mind.
                  | [an orb of fire]
119079 | Zot:4    | Killed an orb of fire
119193 | Zot:4    | Noticed an orb of fire
121543 | D:6      | Killed croobank's ghost
121585 | D:5      | Killed tinescath's ghost
121807 | Lair:3   | Killed Niosow's ghost
121908 | Shoals:3 | Killed snackwell's ghost
122069 | Lair:5   | Killed bakla's ghost
122349 | Elf:2    | Killed hikkokomori's ghost
122732 | D:3      | Killed fingers's ghost
123250 | Zot:5    | Noticed an ancient lich
123261 | Zot:5    | Noticed an orb of fire
123261 | Zot:5    | Noticed an ancient lich
123261 | Zot:5    | Noticed an orb of fire
123261 | Zot:5    | Noticed a dread lich
123261 | Zot:5    | Killed an ancient lich
123262 | Zot:5    | Noticed an orb of fire
123264 | Zot:5    | Noticed an orb of fire
123290 | Zot:5    | Got the Orb of Zot
123298 | Zot:5    | Noticed an orb of fire
123315 | Zot:5    | Noticed Jalor the pandemonium lord
123344 | Zot:5    | Killed Jalor the pandemonium lord
123532 | D:14     | Noticed Nezat the pandemonium lord
123847 | D:$      | Escaped with the Orb!

Illustrated notes

Levels and vault maps discovered:
D:1:      minmay_arrival_split_and_join, layout_rooms
D:2:      layout_rooms, shapermc_ecumenical_altar_acropolis
D:3:      cheibrodos_old_hovel, layout_basic, gammafunk_ghost_mausoleum,
          kennysheep_generic_room_11
D:4:      minmay_diamond_boxcup, layout_loops_corners
D:5:      layout_basic, mainiacjoe_overflow_small_starburst,
          ebering_ghost_rock_garden, kennysheep_another_room, minmay_between,
          uniq_blork_the_orc, uniq_eustachio, uniq_duvessa
D:6:      layout_rooms, grunt_temple_overflow_lords_of_destruction,
          ebering_ghost_rock_garden, serial_glass, glass_columns_c,
          glass_columns_a, uniq_menkaure
D:7:      lemuel_bear_cage, layout_basic, minmay_temple_entry_proselytizer
D:8:      lemuel_insect_pit, layout_basic, uniq_pikel
D:9:      layout_long_grid, grunt_temple_overflow_cloverleaf, dpeg_oklobed_lair,
          david_orc_4, enter_bailey_5, uniq_gastronok, uniq_prince_ribbit1
D:10:     layout_basic, uniq_erica
D:11:     gammafunk_boulding_lane, layout_loops_ring
D:12:     nooodl_glass_maze, layout_basic, uniq_psyche, uniq_kirke
D:13:     layout_cave_pools, hellmonk_vaults_order_and_chaos
D:14:     layout_long_grid, serial_shops, shop, serial_bayou_shore_b,
          portal_ice_cave_entry_ugly_swarm, serial_park_tiny_1, david_greed
D:15:     gammafunk_depths_entry_grave, layout_stronghold,
          minmay_misc_feat_nine_boxes
Temple:   nicolae_temple_bog_church
Lair:1:   beast_lair_carwin_large_1, layout_gridlike,
          infiniplex_staircase_pool_2, lemuel_fruit_tree, serial_bayou_shore_a
Lair:2:   layout_cave_pods, infiniplex_staircase_pool, uniq_urug
Lair:3:   layout_big_grid, mainiacjoe_shoals_entry_four_pools,
          dummy_snake_entry, gammafunk_ghost_grave, st_stairs_6,
          lemuel_fruit_fields, uniq_amaemon
Lair:4:   nzn_winding_woodlands_medium [nzn_winding_woodlands_5x5_checkerboard,
          nzn_winding_woodlands_5x15_garden, nzn_winding_woodlands_5x5_three,
          nzn_winding_woodlands_hourglass, nzn_winding_woodlands_center_garden,
          nzn_winding_woodlands_5x5_default, nzn_winding_woodlands_5x5_default,
          nzn_winding_woodlands_5x15_crooked,
          nzn_winding_woodlands_5x5_perimeter], layout_cave_pods,
          lemuel_fruit_fields, uniq_rupert
Lair:5:   gammafunk_lair_ancient_temple, layout_regular_city,
          nicolae_slime_entry_field_trip, gammafunk_ghost_arena,
          amcnicky_altar_lugonu_corruption
Shoals:1: layout_shoals, abandoned_shop, uniq_frances
Shoals:2: layout_shoals, uniq_ilsuiw, uniq_roxanne
Shoals:3: layout_shoals, ebering_ghost_inner_flame, nicolae_shoals_water_shrine
Shoals:4: shoals_end_grunt_ice, layout_shoals
Snake:1:  layout_layer_cave, st_stairs_6
Snake:2:  hangedman_cross_stitches, layout_honeycomb, nicolae_snake_bzzzt
Snake:3:  kennysheep_six_static_rooms, layout_gridlike, nicolae_snake_boneroom,
          uniq_saint_roka
Snake:4:  grunt_snake_rune_spirals, layout_onion, drop_trap,
          beargit_elvish_explorers, uniq_mara
Slime:1:  layout_caves
Slime:2:  layout_caves
Slime:3:  layout_caves
Slime:4:  layout_caves
Slime:5:  slime_pit_nicolae_trefoil
Orc:1:    layout_caves
Orc:2:    grunt_orc_gardens, layout_caves, grunt_orc_garden, grunt_orc_garden,
          grunt_orc_garden, grunt_orc_garden, lightli_church_of_beogh,
          uniq_donald, uniq_josephine
Elf:1:    minmay_the_grid_octo_tiled_octocenter [minmay_the_grid_octo_horde,
          minmay_the_grid_octo_shrine, minmay_the_grid_octo_checkered,
          minmay_the_grid_octo_fan_narrow,
          minmay_the_grid_octo_prize_ultimate_mussel_roller,
          minmay_the_grid_square_5x5_bracketed,
          minmay_the_grid_square_5x5_shuriken, minmay_the_grid_square_5x5_empty,
          minmay_the_grid_square_5x5_minibox], layout_loops_corners,
          basic_altar, serial_shops, nicolae_shop_behind_doors,
          nicolae_shop_trees, nicolae_shop_window_shopping,
          hangedman_elf_represent
Elf:2:    nicolae_elf_blades_splatter_lattice [mumra_blade_entry_bloodbath],
          layout_rooms, gammafunk_ghost_fury_of_okawaru
Elf:3:    grunt_elf_hall_asides, layout_rooms, serial_sigils,
          serial_sigils_hangedman_snap, serial_sigils_hangedman_snap,
          serial_sigils_hangedman_confine, serial_sigils_hangedman_snap,
          serial_sigils_hangedman_gut, minivault_13
Vaults:1: v_pattern_5, nicolae_vaults_rhombus_7,
          nicolae_vaults_doubleplus_tesselated, v_misc_10, v_rooms_5,
          vaults_mumra_minichess, nicolae_vaults_ring_of_whatevers,
          hangedman_vaults_snaps, grunt_vaults_hallway_long,
          ontoclasm_vaults_loading_screen, layout_vaults_chaotic_city,
          serial_shops, nicolae_shop_bloodbath_and_beyond, shop, shop
Vaults:2: nicolae_vaults_triangles, nicolae_vaults_wrenched, vaults_dpeg_hooks,
          vaults_dpeg_diagonal, nicolae_vaults_six-pack, layout_vaults_omnigrid,
          serial_shops, nicolae_shop_window_shopping, uniq_zenata
Vaults:3: nicolae_vaults_more_shelving_1, v_misc_25,
          nicolae_vaults_stairing_the_circle, v_misc_10,
          vaults_dpeg_encased_lava, minmay_crypt_entry_simple_box,
          nicolae_vaults_frosty_reception, vaults_dpeg_spiral,
          nicolae_vaults_network_square, nicolae_vaults_rhombus_5, v_pattern_4,
          layout_vaults_omnibox, serial_glass
Vaults:4: hangedman_vaults_locks, nicolae_vaults_security_offices_1,
          ontoclasm_vaults_chip, nicolae_vaults_cornered_office,
          hangedman_vaults_restitches, minmay_orc_keep,
          nicolae_vaults_layer_cake_slice, nicolae_vaults_border_crossing,
          vaults_room_stairs_pillars, nicolae_vaults_tetromino_L_2,
          nicolae_vaults_tetromino_T_2, grunt_vaults_hallway_long,
          layout_vaults_omnicross
Vaults:5: serial_shops
Crypt:1:  layout_misc_corridors, grunt_megastairs_1, uniq_margery
Depths:1: layout_forbidden_donut, bloody_trog, serial_shops, shop, shop, shop,
          shop, grunt_pan_entry_spiral, hell_entry, serial_bayou_lagoon_a,
          nicolae_ashenzari_skybound, grunt_megastairs_5, minmay_shop_grove,
          serial_bayou_shore_b
Depths:2: minmay_polygon_palace, layout_gridlike, eino_curves_03, pan_entry,
          pf_coc_iceberg
Depths:3: grunt_profane_halls [grunt_profane_temple_coc,
          grunt_profane_temple_dis, grunt_profane_temple_tar,
          grunt_profane_temple_geh, grunt_profane_loot], abyss_entry,
          hell_entry, uniq_boris, uniq_xtahua
Depths:4: grunt_twist_and_shout, layout_gridlike, enter_ziggurat_b,
          lightli_too_deep, serial_shops, nicolae_shop_tiny_glass,
          interstate_on_off
Hell
Geh:1:    layout_gehenna_pools_box
Geh:2:    layout_gehenna_pools_basic
Geh:3:    layout_gehenna_pools_basic
Geh:4:    layout_gehenna_lava_caves
Geh:5:    layout_gehenna_pools_box
Geh:6:    layout_gehenna_pools_basic
Geh:7:    evilmike_geh
Zot:1:    dreamdust_black_sun_cult, layout_misc_corridors,
          regret_index_zotdec_banners
Zot:2:    layout_gridville
Zot:3:    layout_gridlike, door_vault
Zot:4:    layout_onion_interference, regret_index_zotdec_barnacled_alternative,
          nrook_zot_tub
Zot:5:    layout_cellular_growth, bh_zot_levy_curve

Skill      XL: |  1  2  3  4  5  6  7  8  9 10 11 12 13 14 15 16 17 18 19 20 21 22 23 24 25 26 27 |
---------------+----------------------------------------------------------------------------------+-----
Axes           | 3 4 5 6 7 9 11 12 13 14 15 16 17 18 19 20 21 22 25 26 27 | 27.0
Fighting       | 4 6 9 11 12 13 14 15 16 17 18 19 20 22 23 24 25 26 27 | 27.0
Throwing       | 3 6 8 9 10 11 12 13 14 15 16 18 19 20 21 22 | 22.7
Shields        | 6 8 10 11 12 13 14 15 16 18 19 20 21 23 | 23.5
Armour         | 6 8 10 11 12 13 14 15 16 17 18 19 20 21 23 | 23.6
Evocations     | 1 4 5 7 8 9 10 11 13 15 16 17 18 19 | 19.8
Maces & Flails | 4 7 8 9 |  9.0
Dodging        | 3 5 7 9 |  9.2
Unarmed Combat | 5 10 14 16 | 16.5

Action                     |  1- 3 |  4- 6 |  7- 9 | 10-12 | 13-15 | 16-18 | 19-21 | 22-24 | 25-27 || total
---------------------------+-------+-------+-------+-------+-------+-------+-------+-------+-------++-------
  Melee: War axe           |    78 |   137 |    55 |       |       |       |       |       |       ||   270
         Headbutt          |     9 |    21 |    34 |   121 |   237 |   320 |   425 |   481 |   813 ||  2461
         Hand axe          |       |       |   126 |    60 |    88 |       |       |       |       ||   274
         Broad axe         |       |       |       |   455 |   723 |  1069 |  1287 |  1291 |  1902 ||  6727
         Eveningstar       |       |       |       |       |    61 |    84 |    19 |    45 |    16 ||   225
         Morningstar       |       |       |       |       |       |       |     6 |     5 |     8 ||    19
         Unarmed           |       |       |       |       |       |       |    21 |       |    11 ||    32
  Throw: Stone             |       |       |    36 |       |       |       |       |       |       ||    36
         Dart              |       |       |     5 |       |    28 |       |       |       |       ||    33
         Boomerang         |       |       |    40 |   108 |   524 |   404 |    44 |    85 |   236 ||  1441
         Javelin           |       |       |       |       |     9 |    19 |    17 |     2 |    33 ||    80
         Throwing net      |       |       |       |       |       |       |     3 |       |       ||     3
 Invoke: Potion Petition   |       |       |       |     1 |     4 |     2 |     3 |     2 |     5 ||    17
         Call Merchant     |       |       |       |       |       |       |       |       |     5 ||     5
         Bribe Branch      |       |       |       |       |       |       |       |       |     3 ||     3
  Evoke: Wand              |       |       |     4 |       |       |       |       |       |     1 ||     5
         Lightning rod     |       |       |       |       |       |       |       |       |     4 ||     4
         Horn of Geryon    |       |       |       |       |       |       |       |       |     1 ||     1
         Box of beasts     |       |       |       |       |       |       |       |       |     1 ||     1
         Phial of floods   |       |       |       |       |       |       |       |       |     1 ||     1
    Use: Scroll            |       |       |     5 |     4 |    13 |    14 |    18 |     7 |    14 ||    75
         Potion            |       |       |     3 |     1 |     2 |     4 |     2 |     2 |    20 ||    34
   Stab: Distracted        |       |       |       |       |     2 |     5 |     9 |    10 |    17 ||    43
         Invisible         |       |       |       |       |     2 |       |       |       |       ||     2
 Armour: Scale mail        |    59 |    30 |       |       |       |       |       |       |       ||    89
         Chain mail        |       |    60 |   200 |   217 |   523 |       |       |       |       ||  1000
         Plate armour      |       |       |    16 |   116 |    48 |  1012 |   813 |   550 |   712 ||  3267
         Skin              |       |       |       |       |     5 |       |     5 |       |     2 ||    12
  Dodge: Dodged            |    37 |    48 |   105 |    93 |   158 |   262 |   246 |   177 |   240 ||  1366
  Block: Buckler           |    18 |    29 |    22 |       |       |       |       |       |       ||    69
         Kite shield       |       |       |    23 |   185 |   321 |   594 |   281 |       |       ||  1404
         Tower shield      |       |       |       |       |       |       |   588 |   729 |  1028 ||  2345
         Reflection        |       |       |       |       |       |       |    56 |    35 |       ||    91
         Other             |       |       |       |       |       |       |     2 |       |       ||     2
Riposte: Broad axe         |       |       |       |       |       |       |     2 |   215 |   371 ||   588
         Eveningstar       |       |       |       |       |       |       |       |     6 |     2 ||     8
         Morningstar       |       |       |       |       |       |       |       |       |     2 ||     2

Table legend: (Time is in decaauts)
 A = Elapsed time spent in this place.
 B = Non-inter-level travel time spent in this place.
 C = Inter-level travel time spent in this place.
 D = Time resting spent in this place.
 E = Time spent auto-exploring this place.
 F = Levels seen in this place.
 G = Mean time per level.
                   A        B        C        D        E       F      G
               +--------+--------+--------+--------+--------+-----+--------+
         Total | 121327 | 113463 |   7864 |  53018 |  33874 |  72 | 1685.1 |
       Dungeon |  26863 |  24064 |   2799 |  11265 |   7693 |  15 | 1790.9 |
        Temple |     40 |      2 |     38 |      0 |      0 |   1 |   40.0 |
          Lair |   8789 |   7478 |   1311 |   2342 |   3583 |   5 | 1757.8 |
        Shoals |   6769 |   6363 |    406 |   2825 |   1688 |   4 | 1692.2 |
     Snake Pit |  10168 |   9660 |    508 |   4787 |   2200 |   4 | 2542.0 |
    Slime Pits |   8292 |   8112 |    180 |   4046 |   1600 |   5 | 1658.4 |
  Orcish Mines |   5419 |   5148 |    271 |   3059 |    837 |   2 | 2709.5 |
   Elven Halls |   9922 |   9610 |    312 |   5761 |   2096 |   3 | 3307.3 |
        Vaults |  14115 |  13423 |    692 |   5993 |   4678 |   5 | 2823.0 |
         Crypt |    184 |    184 |      0 |     88 |      0 |   1 |  184.0 |
        Depths |   8820 |   8105 |    715 |   3684 |   2984 |   4 | 2205.0 |
          Hell |   1092 |   1070 |     22 |    415 |    379 |   1 | 1092.0 |
       Gehenna |   4839 |   4655 |    184 |   1486 |   1935 |   7 |  691.3 |
           Zot |   8951 |   8528 |    423 |   3490 |   2980 |   5 | 1790.2 |
         Abyss |   2700 |   2700 |      0 |    193 |   1153 |   8 |  337.5 |
        Bailey |   1003 |   1003 |      0 |    743 |     38 |   1 | 1003.0 |
      Ice Cave |   3355 |   3355 |      0 |   2834 |     29 |   1 | 3355.0 |
               +--------+--------+--------+--------+--------+-----+--------+

Top non-repeatable levels by time:
   Elf:3: 4480 daAuts
Depths:3: 4017 daAuts
   Orc:2: 3685 daAuts
Vaults:5: 3562 daAuts
   IceCv: 3355 daAuts
Vaults:1: 3274 daAuts
 Snake:4: 3018 daAuts
 Slime:5: 2983 daAuts
   Elf:1: 2922 daAuts
 Snake:2: 2888 daAuts
   Geh:7: 2876 daAuts
     D:5: 2650 daAuts
Vaults:4: 2587 daAuts
   Elf:2: 2518 daAuts
    D:15: 2471 daAuts
